 Dungeon Crawl Stone Soup version 0.30-a0-7-g94fe547ab8 (webtiles) character file.

Game seed: 15390717376874262869

65 Nedwor the Cutter (level 3, -3/28 HPs)
             Began as a Demonspawn Gladiator on Aug 23, 2022.
             Slain by a gnoll
             ... wielding a +0 spear
              (6 damage)
             ... on level 3 of the Dungeon.
             The game lasted 00:03:19 (2464 turns).

Nedwor the Cutter (Demonspawn Gladiator)            Turns: 2464, Time: 00:03:20

Health: -3/28      AC:  4    Str: 16    XL:     3   Next: 92%
Magic:  3/3        EV: 12    Int:  9    God:
Gold:   104        SH:  4    Dex: 14    Spells: 2/2 levels left

rFire   . . .      SeeInvis .    h - +0 short sword (drain)
rCold   . . .      Faith    .    (no shield)
rNeg    . . .      Spirit   .    b - +0 leather armour
rPois   .          Reflect  .    c - +0 helmet
rElec   .          Harm     .    (no cloak)
rCorr   .          Rampage  .    (no gloves)
Will    .....                    (no boots)
Stlth   +.........               (no amulet)
HPRegen 0.09/turn                (no ring)
MPRegen 0.08/turn                (no ring)

@: no status effects
A: condensation shield
a: no special abilities


You were on level 3 of the Dungeon.
You visited 1 branch of the dungeon, and saw 3 of its levels.

You collected 104 gold pieces.

Inventory:

Hand Weapons
 h - a +0 short sword of draining (weapon)
Armour
 b - a +0 leather armour (worn)
 c - a +0 helmet (worn)
Scrolls
 a - a scroll of vulnerability {unknown}
Potions
 i - a potion of resistance
 j - a potion of haste {unknown}


   Skills:
 + Level 2.5 Fighting
 * Level 3.5 Short Blades
 - Level 1.7 Throwing
 + Level 1.2 Armour
 + Level 3.1 Dodging


You had 2 spell levels left.
You didn't know any spells.
Your spell library contained the following spells:

 Spells                   Type           Power      Damage    Failure   Level
 Poisonous Vapours        Pois/Air       0%         N/A       58%         2
 Corpse Rot               Necr/Pois/Air  0%         N/A       99%         4


Dungeon Overview and Level Annotations

Branches:
Dungeon (3/15)

Altars:

Shops:
D:2 [[[*?


Innate Abilities, Weirdness & Mutations

A meltable shield of frost defends you. (SH +4)


Message History

You barely miss the gnoll.
The gnoll is heavily wounded.
The gnoll hits you with a +0 halberd! The gnoll closely misses you.
You are too injured to fight recklessly!
You are too injured to fight recklessly!
You are too injured to fight recklessly!
You are too injured to fight recklessly!
You are too injured to fight recklessly!
You are too injured to fight recklessly!
You are too injured to fight recklessly!
You are too injured to fight recklessly!
You are too injured to fight recklessly!
You are too injured to fight recklessly!
You are too injured to fight recklessly!
You are too injured to fight recklessly!
You are too injured to fight recklessly!
You are too injured to fight recklessly!
You are too injured to fight recklessly!
You completely miss the gnoll.
The gnoll is heavily wounded.
The gnoll misses you. The gnoll closely misses you.
You hit the gnoll. You drain the gnoll.
You kill the gnoll!
You block the gnoll's attack. The gnoll closely misses you.
You block the gnoll's attack.
You see here a +0 halberd.
You hit the gnoll.
The gnoll is moderately wounded.
The gnoll hits you from afar with a +0 spear.
* * * LOW HITPOINT WARNING * * *
You block the gnoll's attack.
You hit the gnoll.
The gnoll is severely wounded.
The gnoll barely misses you. The gnoll hits you with a +0 halberd.
* * * LOW HITPOINT WARNING * * *
You closely miss the gnoll.
The gnoll is severely wounded.
The gnoll closely misses you.
The gnoll hits you from afar with a +0 spear.
You die... ... # ... .# #.##.#.# .......## ##....... gg.

...# #g# #..# #@#
#..#
.##.##.###..######
...................
..##.######..######
#.######..#
.........#
.........#
.#######.#
.....##.# #.#


You could see 3 gnolls.

Vanquished Creatures
  A gnoll (D:3)
  An adder (D:2)
  2 dart slugs (D:1)
  An endoplasm (D:2)
  2 giant cockroaches
  2 goblins (D:2)
  5 hobgoblins (D:1)
  2 jackals (D:3)
  7 kobolds
  A quokka (D:2)
  3 ball pythons
  6 bats
  A frilled lizard (D:1)
  6 rats
40 creatures vanquished.

Vanquished Creatures (others)
  17 plants (D:1)
17 creatures vanquished.

Grand Total: 57 creatures vanquished

Notes
Turn   | Place    | Note
-------+----------+-------------------------------------------
     0 | D:1      | Nedwor the Demonspawn Gladiator began the quest for the
                  | Orb.
     0 | D:1      | Reached XP level 1. HP: 16/16 MP: 1/1
   498 | D:1      | Gained mutation: A meltable shield of frost defends you.
                  | (SH +4) [demonic ancestry]
   498 | D:1      | Reached XP level 2. HP: 22/22 MP: 2/2
  1086 | D:1      | Found a faded altar of an unknown god.
  1352 | D:2      | Reached XP level 3. HP: 28/28 MP: 3/3
  1367 | D:2      | Found Nopn's Armour Emporium.
  1475 | D:2      | Found Hevufass's Armour Emporium.
  1635 | D:2      | Reached skill level 1 in Armour
  1966 | D:2      | Found Plog's General Store.
  2036 | D:2      | Found Gozxis's Magic Scroll Boutique.
  2102 | D:2      | Found Eshorhidgh's Armour Shoppe.
  2464 | D:3      | Slain by a gnoll

Illustrated notes

Levels and vault maps discovered:
D:1:      tarquinn_simple_flora_water_e, layout_rooms,
          chequers_ecumenical_altar_grove, serial_bayou, serial_bayou_pond_a,
          serial_bayou_lake_a, serial_bayou_crossing
D:2:      layout_basic, serial_shops, nicolae_shop_behind_doors,
          nicolae_shop_waterfront, nicolae_shop_hallway_stairs,
          nicolae_shop_behind_doors, nicolae_shop_statue_plus,
          serial_bayou_pond_a
D:3:      layout_basic, chequers_temple_overflow_statue_of_worship

Skill      XL: |  1  2  3 |
---------------+----------+-----
Short Blades   | 3 |  3.5
Dodging        | 3 |  3.1
Armour         | 1 |  1.2
Fighting       | |  2.5
Throwing       | |  1.7

Action                   || total
-------------------------++-------
Melee: Rapier            ||    59
       Short sword       ||   106
       Dagger            ||    10
  Use: Scroll            ||     7
 Stab: Sleeping          ||     1
Armor: Leather armour    ||    43
Dodge: Dodged            ||   114
Block: Other             ||    30

Table legend: (Time is in decaauts)
 A = Elapsed time spent in this place.
 B = Non-inter-level travel time spent in this place.
 C = Inter-level travel time spent in this place.
 D = Time resting spent in this place.
 E = Time spent auto-exploring this place.
 F = Levels seen in this place.
 G = Mean time per level.
                   A        B        C        D        E       F      G
               +--------+--------+--------+--------+--------+-----+--------+
         Total |   2467 |   2451 |     16 |    679 |   1425 |   3 |  822.3 |
       Dungeon |   2467 |   2451 |     16 |    679 |   1425 |   3 |  822.3 |
               +--------+--------+--------+--------+--------+-----+--------+

Top non-repeatable levels by time:
     D:1: 1367 daAuts
     D:2: 1019 daAuts
     D:3: 80 daAuts
